 Dungeon Crawl Stone Soup version 0.20.1-1-g8b1a95d (webtiles) character file.

40 slep the Slasher (level 3, -4/28 HPs)
             Began as a Demonspawn Gladiator on Oct 27, 2017.
             Slain by an ogre
             ... wielding a +0 giant club
              (13 damage)
             ... on level 3 of the Dungeon.
             The game lasted 00:05:34 (1347 turns).

slep the Slasher (Demonspawn Gladiator)             Turns: 1347, Time: 00:05:34

Health: -4/28      AC:  4    Str: 14    XL:     3   Next: 30%
Magic:  3/3        EV: 13    Int:  9    God:
Gold:   138        SH:  0    Dex: 15    Spells: 2/2 levels left

rFire    . . .     SeeInvis .   a - +0 long sword
rCold    . . .     Gourm    .   (no shield)
rNeg     . . .     Faith    .   b - +0 leather armour
rPois    .         Spirit   .   c - +0 helmet
rElec    .         Reflect  .   (no cloak)
rCorr    .         Harm     .   (no gloves)
MR       .....                  (no boots)
Stlth    ++........             (no amulet)
Regen    0.1/turn               (no ring)
MPRegen  0.1/turn               (no ring)

@: no status effects
A: demonic guardian 1, nightstalker 1
a: no special abilities


You were on level 3 of the Dungeon.
You were not hungry.

You visited 1 branch of the dungeon, and saw 3 of its levels.

You collected 138 gold pieces.

Inventory:

Hand Weapons
 a - a +0 long sword (weapon)
Missiles
 d - 3 throwing nets (quivered)
Armour
 b - a +0 leather armour (worn)
 c - a +0 helmet (worn)
Scrolls
 e - a scroll of magic mapping {unknown}
 g - 6 scrolls of identify {unknown}
 j - a scroll of remove curse {unknown}
 k - a scroll of blinking {unknown}
 q - a scroll of amnesia {unknown}
Potions
 h - a potion of agility {unknown}
 i - a potion of invisibility {unknown}
 l - 2 potions of berserk rage {unknown}
 m - a potion of might {unknown}
 o - a potion of mutation {unknown}
 p - 2 potions of cancellation {unknown}
 t - a potion of curing {unknown}
 v - a potion of lignification {unknown}
Comestibles
 f - a bread ration
 n - a meat ration
 r - a chunk of flesh
 s - a royal jelly
 u - 3 fruits


   Skills:
 + Level 2.3 Fighting
 + Level 3.1 Long Blades
 + Level 1.8 Throwing
 + Level 0.5 Armour
 + Level 3.1 Dodging
 + Level 0.6 Stealth


You had 2 spell levels left.
You didn't know any spells.

Dungeon Overview and Level Annotations

Branches:
Dungeon (3/15)

Altars:
Xom


Innate Abilities, Weirdness & Mutations

A weak demonic guardian rushes to your aid.
You are slightly more attuned to the shadows.


Message History

The ogre hits your shadow imp with a giant club!
Your shadow imp dies!
The ogre hits your white imp with a giant club!!
Your white imp dies!
The ogre hits you with a giant club.
You hit the ogre.
The ogre is lightly wounded.
The ogre barely misses you.
You riposte.
You hit the ogre but do no damage.
The ogre is lightly wounded.
You barely miss the ogre.
The ogre is lightly wounded.
The ogre closely misses you.
You hit the ogre.
The ogre is moderately wounded.
The ogre hits you with a giant club.
* * * LOW HITPOINT WARNING * * *
You hit the ogre.
The ogre is moderately wounded.
The ogre hits you with a giant club!
You die...

................
..............######
######........'...<#
#..(........######
#.##............
#.##.#.#.#.###..
#.##.#.#.#.# ..
#.##.#.#.#.# .
.)$###@##...#.#.#
......O..........
...###.######.. .
#.# ?.. #.# #.# ...


You could see an ogre.

Vanquished Creatures
  An ooze (D:2)
  2 worms (D:2)
  An orc (D:3)
  3 bats (D:1)
  3 giant cockroaches
  2 goblins
  4 hobgoblins
  2 jackals (D:1)
  A quokka (D:2)
  6 frilled lizards
  2 kobolds
  4 rats
31 creatures vanquished.

Notes
Turn   | Place    | Note
-------+----------+-------------------------------------------
     0 | D:1      | slep the Demonspawn Gladiator began the quest for the Orb.
     0 | D:1      | Reached XP level 1. HP: 16/16 MP: 1/1
   242 | D:1      | Gained mutation: A weak demonic guardian rushes to your aid. [demonic ancestry]
   242 | D:1      | Reached XP level 2. HP: 16/22 MP: 2/2
  1027 | D:2      | Gained mutation: You are slightly more attuned to the shadows. [demonic ancestry]
  1027 | D:2      | Reached XP level 3. HP: 14/27 MP: 3/3
  1076 | D:2      | Found a shimmering altar of Xom.
  1076 | D:2      | Found a shimmering altar of Xom.
  1090 | D:2      | Found a shimmering altar of Xom.
  1096 | D:2      | Found a shimmering altar of Xom.
  1331 | D:3      | Noticed an ogre
  1347 | D:3      | Slain by an ogre

Skill      XL: |  1  2 |
---------------+-------+-----
Dodging        | 3 |  3.1
Long Blades    | 3 |  3.1
Fighting       | |  2.3
Throwing       | |  1.8
Armour         | |  0.5
Stealth        | |  0.6

Action                   || total
-------------------------++-------
Melee: Long sword        ||    75
 Stab: Sleeping          ||     2
  Eat: Chunk             ||     1
Armor: Leather armour    ||    12
Dodge: Dodged            ||    44
       Rpst.: Long sword ||    15
